 Dungeon Crawl Stone Soup version 0.29.0-4-gdea44cf6ec (webtiles) character file.

Game seed: 17848877590433286987

22146 qw the Brawler (level 12, -5/110 (119) HPs)
             Began as a Troll Cinder Acolyte on Aug 31, 2022.
             Was an Initiate of Okawaru.
             Killed from afar by a balrug (33 damage)
             ... with a fireball
             ... in a Gauntlet.
             The game lasted 00:06:12 (11297 turns).

qw the Brawler (Troll Cinder Acolyte)              Turns: 11297, Time: 00:06:13

HP:   -5/110 (119)  AC: 16    Str: 29    XL:     12   Next: 60%
MP:   12/12         EV:  9    Int: 10    God:    Okawaru [......]
Gold: 325           SH:  0    Dex:  5    Spells: 13/13 levels left

rFire   . . .      SeeInvis +     - Unarmed
rCold   . . .      Faith    .   (no shield)
rNeg    . . .      Spirit   .   p - +1 swamp dragon scales
rPois   +          Reflect  .   (helmet restricted)
rElec   .          Harm     .   g - +0 cloak
rCorr   .          Rampage  .   (gloves unavailable)
Will    .....      NoTele   +   (boots unavailable)
Stlth   ..........              t - amulet of the acrobat
HPRegen 1.08/turn               l - +4 ring of protection
MPRegen 0.13/turn               a - ring of see invisible

@: drained, fire susceptible
A: large, unfitting armour, claws 3, regeneration 1, shaggy fur 1, tough skin 1
a: Renounce Religion


You were in a Gauntlet.
You worshipped Okawaru.
Okawaru was noncommittal.
You visited 3 branches of the dungeon, and saw 13 of its levels.
You also visited: Sewer and Gauntlet.

You collected 539 gold pieces.
You spent 214 gold pieces at shops.


Innate Abilities, Weirdness & Mutations

You are too large for most types of armour.
You have claws for hands.
Your natural rate of healing is unusually fast.
You are covered in fur. (AC +1)
You have tough skin. (AC +1)


   Skills:
 - Level 8.0 Fighting
 - Level 3.1 Throwing
 + Level 3.8 Armour
 - Level 2.1 Dodging
 - Level 18.0 Unarmed Combat
 - Level 1.0 Spellcasting
 - Level 2.1 Fire Magic


You had 13 spell levels left.
You didn't know any spells.
Your spell library contained the following spells:

 Spells                   Type           Power      Damage    Failure   Level
 Scorch                   Fire           8%         2d5       30%         2

Inventory:

Missiles
 b - 5 boomerangs
 o - 2 silver boomerangs (quivered)
Armour
 g - a +0 cloak (worn)
 p - +1 swamp dragon scales (worn)
 s - the +1 robe of Vines {NoPotionHeal Regen++++}
   (You found it on level 2 of the Lair of Beasts)

   Its wearer cannot be healed by potions.
   Regen:     It increases your rate of health regeneration.
Jewellery
 a - a ring of see invisible (right claw)
 l - a +4 ring of protection (left claw)
 m - the amulet "Pierch" {RegenMP rN+}
   (You found it in a Gauntlet)

   [amulet of magic regeneration]

   It increases your rate of magic regeneration.
   rN:        It protects you from negative energy.
 q - a ring of ice
 r - a ring of protection from fire
 t - an amulet of the acrobat (around neck)
Scrolls
 c - 5 scrolls of identify
 j - 5 scrolls of teleportation
 n - a scroll of brand weapon
Potions
 d - 2 potions of mutation
 e - 5 potions of might
 f - 6 potions of curing
 h - a potion of cancellation
 i - 3 potions of haste
 k - 4 potions of heal wounds

Dungeon Overview and Level Annotations

Branches:
Dungeon (8/15)             Temple (1/1) D:6            Lair (4/5) D:8
 Shoals (0/4) Lair:3       Spider (0/4) Lair:2        Sewer (visited)
Gauntlet (1/1)
  Slime: Lair:4-5

Altars:
Ashenzari
Cheibriados
Elyvilon
Gozag
Hepliaklqana
Makhleb
Nemelex Xobeh
Okawaru
Wu Jian
Xom
Yredelemnul
The Shining One

Shops:
D:3 *[(((   D:6 !=[[(*

Annotations:
D:4 1 runed translucent door, qw's ghost, amateur TeWr
Lair:1 1 runed translucent door, qw's ghost, novice TrCA
Lair:2 3 runed translucent doors, qw's ghost, journeyman TeWr Gauntlet 9 transporters


Message History

Partly explored, unvisited transporter.
There is a transporter here.
You enter the transporter and appear at another place.
The balrug shouts!
The balrug gestures at you. The sticky flame hits you.
You are covered in liquid flames!
The hell hound breathes flames at you. The blast of flame hits you!
You mangle the hell hound!!
You kill the hell hound!
Okawaru accepts your kill.
You are covered in liquid flames!
You mangle the balrug!!
The balrug is heavily wounded.
You are covered in liquid flames!
You claw the balrug!
The balrug is heavily wounded.
You are covered in liquid flames!
You are no longer on fire.
The balrug hits you but does no damage.
You feel drained.
You scratch the balrug but do no damage.
Your claw misses the balrug.
The balrug is heavily wounded.
The balrug hits you with a +1 demon whip of draining!
You are engulfed in flames!
You feel drained.
You scratch the balrug.
The balrug is severely wounded.
The balrug hits you with a +1 demon whip of draining.
You are engulfed in flames!!
You feel drained.
You closely miss the balrug. Your claw misses the balrug.
The balrug is severely wounded.
The balrug hits you with a +1 demon whip of draining!
You are engulfed in flames!!
You feel drained. The hell hound bites you.
11297 ||| DRINKING 5 potions of heal wounds.
You feel much better.
The hell hound bites you but does no damage.
The balrug gestures at you.
The fireball explodes!
The fireball engulfs you!!
You die...

~#~#P..###.###.#.7P...~~#
..P....###.^[?.#......~##
.7...#############.7..##
.....#^....^....^#....~##
#.###################.~~#
#.#.#.#..##.#...h..^#.~##
#.##.#^##y#.#.####..#.##
#.##.##yy##.#.#^.h#.#.~##
#.#y#.^#.##.#.#.@.#.#.~~#
#.#y##y.#y#.#.#2.^#.#.~##
#.##..###.#.#..####.#.##
#.##y.^=!##.#^.!^![.#.~##
#.#########.#########.~~#
......................~##
......P7..P7...7P..7P.##
.\....................~#
....P7..#~~~#~~~#~~~#~~~#


You could see a balrug and a hell hound.

Vanquished Creatures
  6 hydras
  A wizard (Gauntlet)
  A lindwurm (Lair:2)
  2 oklob plants
  5 elephants (Lair:1)
  2 black mambas (Lair:3)
  A torpor snail (Lair:3)
  8 cane toads
  Maggie (Lair:1)
  3 komodo dragons (Lair:1)
  A hornet (D:8)
  9 blink frogs
  A culicivora (Lair:2)
  22 yaks
  A wyvern (D:7)
  Eustachio (D:4)
  2 large abominations (Gauntlet)
  8 water moccasins
  A hell hound (Gauntlet)
  An orc warrior (D:7)
  2 sky beasts
  A black bear (Lair:1)
  4 small abominations (Gauntlet)
  4 wolves (Lair:2)
  2 centaurs (D:7)
  A phantom (D:6)
  2 kobold brigands
  14 bullfrogs
  2 scorpions
  3 necrophages
  7 wights (D:8)
  3 electric eels (Lair:3)
  2 howler monkeys (D:6)
  3 jellies
  8 orc priests
  3 hounds
  4 iguanas
  4 orc wizards
  7 gnolls
  12 adders
  3 river rats
  8 white imps
  An ufetubus (D:5)
  3 dart slugs
  30 orcs
  10 ball pythons
  A bat (D:2)
  4 endoplasms
  3 giant cockroaches
  12 goblins
  6 hobgoblins
  14 kobolds
  4 quokkas
  9 frilled lizards
  17 rats
290 creatures vanquished.

Vanquished Creatures (others)
  A quokka (D:6)
  14 fungi
  38 plants
53 creatures vanquished.

Grand Total: 343 creatures vanquished

Notes
Turn   | Place    | Note
-------+----------+-------------------------------------------
     0 | D:1      | qw the Troll Cinder Acolyte began the quest for the Orb.
     0 | D:1      | Reached XP level 1. HP: 22/22 MP: 1/1
     0 | D:1      | 0 ||| qw: Version: 0.1-a-97-g2dd2ca4
     0 | D:1      | 0 ||| qw: Game counter: 4660
     0 | D:1      | 0 ||| qw: Always use a shield: true
     0 | D:1      | 0 ||| qw: God list: Okawaru
     0 | D:1      | 0 ||| qw: Allow faded altars: false
     0 | D:1      | 0 ||| qw: Do Orc after D:15 true
     0 | D:1      | 0 ||| qw: Do second Lair branch before Depths: true
     0 | D:1      | 0 ||| qw: Lair rune preference: random
     0 | D:1      | 0 ||| qw: Plans: Normal
     0 | D:1      | 0 ||| PLANNING D:1-11
   188 | D:1      | 188 ||| Stepping ~*~*~tactically~*~*~ (stealth).
   191 | D:1      | 191 ||| Stepping ~*~*~tactically~*~*~ (hiding).
   212 | D:1      | Reached XP level 2. HP: 29/29 MP: 2/2
   239 | D:1      | 239 ||| Stepping ~*~*~tactically~*~*~ (stealth).
   328 | D:1      | Reached skill level 4 in Unarmed Combat
   331 | D:1      | 331 ||| Stepping ~*~*~tactically~*~*~ (stealth).
   332 | D:1      | 332 ||| Stepping ~*~*~tactically~*~*~ (stealth).
   333 | D:1      | 333 ||| Stepping ~*~*~tactically~*~*~ (stealth).
   334 | D:1      | 334 ||| Stepping ~*~*~tactically~*~*~ (stealth).
   335 | D:1      | 335 ||| Stepping ~*~*~tactically~*~*~ (stealth).
   677 | D:1      | Reached XP level 3. HP: 36/36 MP: 3/3
   784 | D:1      | 784 ||| UPGRADING to +0 cloak.
   789 | D:1      | 789 ||| READING 2 scrolls labelled QOINAGA ZAUN.
   790 | D:1      | 790 ||| READING scroll labelled BUAXIE FANAS.
   791 | D:1      | 791 ||| READING scroll labelled VER KYMOBBY.
   792 | D:1      | 792 ||| READING scroll labelled NUAHOY OSIOFI.
   795 | D:1      | 795 ||| DRINKING 3 metallic clear potions.
   796 | D:1      | 796 ||| DROPPING 2 potions of flight.
  1072 | D:2      | 1072 ||| Stepping ~*~*~tactically~*~*~ (stealth).
  1073 | D:2      | 1073 ||| Stepping ~*~*~tactically~*~*~ (stealth).
  1260 | D:2      | 1260 ||| READING scroll labelled PONEOMAWNU.
  1261 | D:2      | 1261 ||| READING scroll labelled RYODYH UXKOCW.
  1280 | D:2      | 1280 ||| DRINKING 2 bubbling puce potions.
  1281 | D:2      | 1281 ||| DRINKING 2 inky potions.
  1282 | D:2      | 1282 ||| DRINKING 2 blue potions.
  1308 | D:3      | 1308 ||| Stepping ~*~*~tactically~*~*~ (stealth).
  1366 | D:3      | Found Hosasei's Weapon Shop.
  1401 | D:3      | 1401 ||| Stepping ~*~*~tactically~*~*~ (stealth).
  1404 | D:3      | 1404 ||| Stepping ~*~*~tactically~*~*~ (stealth).
  1413 | D:3      | 1413 ||| Stepping ~*~*~tactically~*~*~ (outnumbered).
  1415 | D:3      | 1415 ||| FLEEEEING.
  1425 | D:3      | Reached XP level 4. HP: 43/44 MP: 4/4
  1432 | D:3      | Found a faded altar of an unknown god.
  1496 | D:3      | Found Emoimama's Weapon Shop.
  1552 | D:3      | Found Eshaphyo's Weapon Boutique.
  1595 | D:3      | Reached skill level 5 in Unarmed Combat
  1639 | D:3      | Found Wodas's Antique Armour Shoppe.
  1672 | D:3      | 1672 ||| SHOPLISTING shiny orb (348 gold, have 109).
  1681 | D:3      | 1681 ||| Stepping ~*~*~tactically~*~*~ (hiding).
  1685 | D:3      | 1685 ||| INVOKING Fiery Armour.
  1739 | D:3      | 1739 ||| Stepping ~*~*~tactically~*~*~ (stealth).
  1904 | D:3      | Reached XP level 5. HP: 44/50 MP: 5/5
  1935 | D:3      | Found Nima's General Store.
  1944 | D:3      | 1944 ||| SHOPLISTING +18 shield of the Gong {rElec rN+
                  | Will+ EV-5} (1362 gold, have 123).
  1944 | D:3      | 1944 ||| SHOPLISTING amulet of regeneration (420 gold, have
                  | 123).
  1944 | D:3      | 1944 ||| BUYING potion of heal wounds (70 gold).
  1944 | D:3      | Bought a potion of heal wounds for 70 gold pieces
  2069 | D:3      | 2069 ||| Stepping ~*~*~tactically~*~*~ (hiding).
  2070 | D:3      | 2070 ||| Stepping ~*~*~tactically~*~*~ (hiding).
  2117 | D:3      | 2117 ||| UPGRADING to +4 ring of protection.
  2118 | D:3      | 2118 ||| UPGRADING to ring of protection from fire.
  2119 | D:3      | 2119 ||| READING scroll labelled UVUR KAOPIE.
  2120 | D:3      | 2120 ||| READING 3 scrolls of identify.
  2120 | D:3      | 2120 ||| IDENTIFYING brown potion
  2121 | D:3      | 2121 ||| READING 2 scrolls of identify.
  2121 | D:3      | 2121 ||| IDENTIFYING fizzy dark potion
  2122 | D:3      | 2122 ||| DROPPING potion of lignification.
  2166 | D:4      | Reached skill level 6 in Unarmed Combat
  2290 | D:4      | Found a basalt altar of Yredelemnul.
  2386 | D:4      | Found a burning altar of Makhleb.
  2386 | D:4      | Noticed a balrug
  2454 | D:4      | 2454 ||| Stepping ~*~*~tactically~*~*~ (outnumbered).
  2487 | D:4      | 2487 ||| Stepping ~*~*~tactically~*~*~ (stealth).
  2489 | D:4      | 2489 ||| Stepping ~*~*~tactically~*~*~ (hiding).
  2500 | D:4      | Reached XP level 6. HP: 47/59 MP: 6/6
  2534 | D:4      | 2534 ||| Stepping ~*~*~tactically~*~*~ (stealth).
  2540 | D:4      | Reached skill level 7 in Unarmed Combat
  2593 | D:4      | Noticed Eustachio
  2594 | D:4      | 2594 ||| INVOKING Fiery Armour.
  2596 | D:4      | 2596 ||| Stepping ~*~*~tactically~*~*~ (outnumbered).
  2615 | D:4      | Killed Eustachio
  2616 | D:4      | Reached skill level 8 in Unarmed Combat
  2616 | D:4      | Reached XP level 7. HP: 66/66 MP: 7/7
  2732 | D:4      | Found a runed translucent door.
  2734 | D:4      | Noticed qw's ghost (amateur TeWr)
  2737 | D:4      | 2737 ||| READING 3 scrolls of teleportation.
  2823 | D:5      | Entered Level 5 of the Dungeon
  2947 | D:5      | 2947 ||| Stepping ~*~*~tactically~*~*~ (stealth).
  2948 | D:5      | 2948 ||| Stepping ~*~*~tactically~*~*~ (stealth).
  2949 | D:5      | 2949 ||| Stepping ~*~*~tactically~*~*~ (stealth).
  2961 | D:5      | Reached skill level 3 in Fighting
  3134 | D:5      | Found a shimmering altar of Xom.
  3142 | D:5      | Found a sparkling altar of Nemelex Xobeh.
  3299 | D:5      | Found a snail-covered altar of Cheibriados.
  3651 | D:5      | 3651 ||| Stepping ~*~*~tactically~*~*~ (hiding).
  3661 | D:5      | 3661 ||| Stepping ~*~*~tactically~*~*~ (outnumbered).
  3755 | D:5      | 3755 ||| READING scroll labelled DUZA OTHENIA.
  3856 | D:5      | 3856 ||| READING 2 scrolls of identify.
  3856 | D:5      | 3856 ||| IDENTIFYING sapphire potion
  3857 | D:5      | 3857 ||| DROPPING potion of invisibility.
  3899 | D:6      | 3899 ||| PLANNING SEWER
  3924 | D:6      | Reached skill level 9 in Unarmed Combat
  3940 | D:6      | Found a broken altar of Ashenzari.
  3952 | D:6      | Reached skill level 1 in Throwing
  3969 | D:6      | 3969 ||| INVOKING Fiery Armour.
  3970 | D:6      | HP: 16/67 [white imp/puff of frost (9)]
  3971 | D:6      | 3971 ||| READING 2 scrolls of teleportation.
  3972 | D:6      | HP: 1/67 [white imp/puff of frost (11)]
  3973 | D:6      | Reached skill level 1 in Dodging
  3973 | D:6      | Reached XP level 8. HP: 1/75 MP: 8/8
  3973 | D:6      | 3973 ||| DRINKING 3 potions of heal wounds.
  3976 | D:6      | Found Fystal's Armour Emporium.
  4037 | D:6      | 4037 ||| FLEEEEING.
  4041 | D:6      | 4041 ||| Stepping ~*~*~tactically~*~*~ (hiding).
  4119 | D:6      | Found a glowing drain.
  4151 | Sewer    | Entered a sewer
  4336 | Sewer    | 4336 ||| Stepping ~*~*~tactically~*~*~ (stealth).
  4472 | Sewer    | 4472 ||| READING scroll labelled CIYTEU JENWO.
  4473 | Sewer    | 4473 ||| READING 2 scrolls of identify.
  4473 | Sewer    | 4473 ||| IDENTIFYING fizzy pink potion
  4536 | D:6      | 4536 ||| PLANNING D:1-11
  4554 | D:6      | Found a staircase to the Ecumenical Temple.
  4571 | D:6      | 4571 ||| Stepping ~*~*~tactically~*~*~ (hiding).
  4621 | D:6      | Found a burning altar of Makhleb.
  4634 | D:6      | Found Inatoge's Antique Weapon Boutique.
  4661 | D:6      | Found Xarus's Jewellery Shoppe.
  4668 | D:6      | 4668 ||| Stepping ~*~*~tactically~*~*~ (stealth).
  4669 | D:6      | 4669 ||| Stepping ~*~*~tactically~*~*~ (stealth).
  4671 | D:6      | 4671 ||| SHOPLISTING amulet of guardian spirit (330 gold,
                  | have 209).
  4671 | D:6      | 4671 ||| SHOPLISTING ring "Poeh Ziv" {rPois Str+6 Dex+2
                  | Slay+3} (704 gold, have 209).
  4671 | D:6      | 4671 ||| SHOPLISTING ring of fire (275 gold, have 209).
  4671 | D:6      | 4671 ||| SHOPLISTING ring of ice (275 gold, have 209).
  4671 | D:6      | 4671 ||| SHOPLISTING ring of positive energy (220 gold,
                  | have 209).
  4671 | D:6      | 4671 ||| SHOPLISTING ring of resist corrosion (220 gold,
                  | have 209).
  4686 | D:6      | Reached skill level 10 in Unarmed Combat
  4716 | D:6      | Found Haozxiq's Distillery.
  4722 | D:6      | 4722 ||| BUYING potion of might (48 gold).
  4722 | D:6      | Bought a potion of might for 48 gold pieces
  4722 | D:6      | 4722 ||| BUYING potion of mutation (96 gold).
  4722 | D:6      | Bought a potion of mutation for 96 gold pieces
  4722 | D:6      | 4722 ||| SHOPLISTING potion of resistance (120 gold, have
                  | 73).
  4753 | D:6      | Found Uhusury's Armour Boutique.
  4857 | D:6      | 4857 ||| Stepping ~*~*~tactically~*~*~ (stealth).
  4872 | D:6      | Found an opulent altar of Gozag.
  4874 | D:6      | Found Gozag's Platinum Reserve.
  4883 | D:6      | 4883 ||| SHOPLISTING ring "Louv" {rF+ Will+ rCorr Str+4}
                  | (4800 gold, have 73).
  4883 | D:6      | 4883 ||| SHOPLISTING ring of the Cuttlefish {rPois rF+
                  | Dex-4 SInv} (2480 gold, have 73).
  4883 | D:6      | 4883 ||| SHOPLISTING ring of the Disturbing Moons {rPois
                  | rF- rC++ rCorr Dex-2} (3890 gold, have 73).
  4981 | D:6      | Found a white marble altar of Elyvilon.
  5158 | D:7      | 5158 ||| Stepping ~*~*~tactically~*~*~ (hiding).
  5160 | D:7      | 5160 ||| Stepping ~*~*~tactically~*~*~ (hiding).
  5161 | D:7      | 5161 ||| Stepping ~*~*~tactically~*~*~ (hiding).
  5162 | D:7      | 5162 ||| Stepping ~*~*~tactically~*~*~ (hiding).
  5163 | D:7      | 5163 ||| Stepping ~*~*~tactically~*~*~ (hiding).
  5191 | D:7      | 5191 ||| Stepping ~*~*~tactically~*~*~ (hiding).
  5324 | D:7      | Found a flagged portal.
  5374 | D:7      | 5374 ||| Stepping ~*~*~tactically~*~*~ (outnumbered).
  5375 | D:7      | 5375 ||| INVOKING Fiery Armour.
  5383 | D:7      | Reached skill level 11 in Unarmed Combat
  5414 | D:7      | 5414 ||| Stepping ~*~*~tactically~*~*~ (stealth).
  5421 | D:7      | Reached XP level 9. HP: 83/84 MP: 9/9
  5452 | D:7      | 5452 ||| Stepping ~*~*~tactically~*~*~ (outnumbered).
  5453 | D:7      | 5453 ||| Stepping ~*~*~tactically~*~*~ (outnumbered).
  5454 | D:7      | 5454 ||| Stepping ~*~*~tactically~*~*~ (outnumbered).
  5460 | D:7      | 5460 ||| Stepping ~*~*~tactically~*~*~ (outnumbered).
  5715 | D:7      | Found an ornate altar of the Wu Jian Council.
  5764 | D:7      | 5764 ||| Stepping ~*~*~tactically~*~*~ (hiding).
  6005 | D:7      | 6005 ||| READING 3 scrolls of identify.
  6005 | D:7      | 6005 ||| IDENTIFYING metallic golden potion
  6006 | D:7      | 6006 ||| DROPPING potion of brilliance.
  6032 | D:8      | 6032 ||| Stepping ~*~*~tactically~*~*~ (stealth).
  6035 | D:8      | 6035 ||| Stepping ~*~*~tactically~*~*~ (hiding).
  6044 | D:8      | 6044 ||| FLEEEEING.
  6046 | D:8      | 6046 ||| FLEEEEING.
  6047 | D:8      | 6047 ||| FLEEEEING.
  6048 | D:8      | 6048 ||| FLEEEEING.
  6072 | D:8      | Found a staircase to the Lair.
  6093 | D:8      | Found a glowing golden altar of the Shining One.
  6119 | D:8      | Reached skill level 12 in Unarmed Combat
  6291 | D:8      | 6291 ||| Stepping ~*~*~tactically~*~*~ (stealth).
  6295 | D:8      | 6295 ||| Stepping ~*~*~tactically~*~*~ (stealth).
  6299 | D:8      | 6299 ||| Stepping ~*~*~tactically~*~*~ (outnumbered).
  6300 | D:8      | 6300 ||| Stepping ~*~*~tactically~*~*~ (outnumbered).
  6301 | D:8      | 6301 ||| Stepping ~*~*~tactically~*~*~ (outnumbered).
  6400 | D:8      | Found a hazy altar of Hepliaklqana.
  6535 | D:8      | 6535 ||| Stepping ~*~*~tactically~*~*~ (hiding).
  6536 | D:8      | 6536 ||| Stepping ~*~*~tactically~*~*~ (hiding).
  6551 | D:8      | 6551 ||| FLEEEEING.
  6552 | D:8      | 6552 ||| FLEEEEING.
  6553 | D:8      | 6553 ||| FLEEEEING.
  6554 | D:8      | 6554 ||| FLEEEEING.
  6555 | D:8      | 6555 ||| FLEEEEING.
  6557 | D:8      | 6557 ||| FLEEEEING.
  6558 | D:8      | 6558 ||| FLEEEEING.
  6559 | D:8      | 6559 ||| FLEEEEING.
  6560 | D:8      | 6560 ||| FLEEEEING.
  6561 | D:8      | 6561 ||| FLEEEEING.
  6562 | D:8      | 6562 ||| FLEEEEING.
  6563 | D:8      | 6563 ||| FLEEEEING.
  6564 | D:8      | 6564 ||| FLEEEEING.
  6565 | D:8      | 6565 ||| FLEEEEING.
  6566 | D:8      | 6566 ||| FLEEEEING.
  6567 | D:8      | 6567 ||| FLEEEEING.
  6568 | D:8      | 6568 ||| FLEEEEING.
  6569 | D:8      | 6569 ||| FLEEEEING.
  6570 | D:8      | 6570 ||| FLEEEEING.
  6571 | D:8      | 6571 ||| FLEEEEING.
  6572 | D:8      | 6572 ||| FLEEEEING.
  6573 | D:8      | 6573 ||| FLEEEEING.
  6574 | D:8      | 6574 ||| FLEEEEING.
  6575 | D:8      | 6575 ||| FLEEEEING.
  6576 | D:8      | 6576 ||| FLEEEEING.
  6653 | D:8      | 6653 ||| Stepping ~*~*~tactically~*~*~ (hiding).
  6849 | D:8      | 6849 ||| PLANNING LAIR
  6849 | D:8      | 6849 ||| READING scroll labelled WAOBOENGOMP.
  6850 | D:8      | 6850 ||| READING scroll labelled ZYLAL ROAXZO.
  6900 | Lair:1   | Entered Level 1 of the Lair of Beasts
  6902 | Lair:1   | Noticed an elephant
  6906 | Lair:1   | Noticed an elephant
  6917 | Lair:1   | 6917 ||| Stepping ~*~*~tactically~*~*~ (outnumbered).
  6918 | Lair:1   | 6918 ||| Stepping ~*~*~tactically~*~*~ (outnumbered).
  6920 | Lair:1   | Killed an elephant
  6921 | Lair:1   | Reached skill level 13 in Unarmed Combat
  6923 | Lair:1   | 6923 ||| INVOKING Fiery Armour.
  6926 | Lair:1   | Killed an elephant
  6927 | Lair:1   | Reached XP level 10. HP: 33/96 MP: 10/10
  7058 | Lair:1   | Noticed an elephant
  7058 | Lair:1   | Noticed an elephant
  7059 | Lair:1   | 7059 ||| Stepping ~*~*~tactically~*~*~ (stealth).
  7060 | Lair:1   | Noticed an elephant
  7062 | Lair:1   | 7062 ||| Stepping ~*~*~tactically~*~*~ (stealth).
  7063 | Lair:1   | 7063 ||| Stepping ~*~*~tactically~*~*~ (stealth).
  7066 | Lair:1   | 7066 ||| INVOKING Fiery Armour.
  7072 | Lair:1   | 7072 ||| Stepping ~*~*~tactically~*~*~ (outnumbered).
  7073 | Lair:1   | 7073 ||| Stepping ~*~*~tactically~*~*~ (outnumbered).
  7074 | Lair:1   | Killed an elephant
  7077 | Lair:1   | 7077 ||| Stepping ~*~*~tactically~*~*~ (outnumbered).
  7078 | Lair:1   | 7078 ||| Stepping ~*~*~tactically~*~*~ (outnumbered).
  7079 | Lair:1   | 7079 ||| Stepping ~*~*~tactically~*~*~ (outnumbered).
  7080 | Lair:1   | 7080 ||| Stepping ~*~*~tactically~*~*~ (outnumbered).
  7081 | Lair:1   | 7081 ||| Stepping ~*~*~tactically~*~*~ (outnumbered).
  7084 | Lair:1   | Killed an elephant
  7086 | Lair:1   | 7086 ||| Stepping ~*~*~tactically~*~*~ (outnumbered).
  7087 | Lair:1   | 7087 ||| Stepping ~*~*~tactically~*~*~ (outnumbered).
  7088 | Lair:1   | 7088 ||| Stepping ~*~*~tactically~*~*~ (outnumbered).
  7089 | Lair:1   | 7089 ||| Stepping ~*~*~tactically~*~*~ (outnumbered).
  7095 | Lair:1   | Killed an elephant
  7100 | Lair:1   | Reached skill level 14 in Unarmed Combat
  7196 | Lair:1   | 7196 ||| INVOKING Fiery Armour.
  7197 | Lair:1   | 7197 ||| Stepping ~*~*~tactically~*~*~ (outnumbered).
  7201 | Lair:1   | 7201 ||| Stepping ~*~*~tactically~*~*~ (outnumbered).
  7202 | Lair:1   | 7202 ||| Stepping ~*~*~tactically~*~*~ (outnumbered).
  7207 | Lair:1   | Reached skill level 6 in Fighting
  7213 | Lair:1   | Reached skill level 3 in Throwing
  7241 | Lair:1   | Noticed Maggie
  7242 | Lair:1   | 7242 ||| Stepping ~*~*~tactically~*~*~ (hiding).
  7251 | Lair:1   | 7251 ||| Stepping ~*~*~tactically~*~*~ (hiding).
  7265 | Lair:1   | Killed Maggie
  7299 | Lair:1   | Noticed an eight-headed hydra
  7305 | Lair:1   | Killed a ten-headed hydra
  7306 | Lair:1   | Reached skill level 15 in Unarmed Combat
  7306 | Lair:1   | Reached XP level 11. HP: 46/105 MP: 11/11
  7380 | Lair:1   | Found a runed translucent door.
  7535 | Lair:1   | 7535 ||| Stepping ~*~*~tactically~*~*~ (stealth).
  7899 | Lair:1   | Noticed qw's ghost (novice TrCA)
  7991 | Lair:1   | 7991 ||| UPGRADING to +1 swamp dragon scales.
  8001 | Lair:1   | 8001 ||| DROPPING +0 robe.
  8002 | Lair:1   | 8002 ||| READING scroll labelled ROOKINGOUSM.
  8027 | Lair:2   | 8027 ||| Stepping ~*~*~tactically~*~*~ (outnumbered).
  8070 | Lair:2   | Found a hole to the Spider Nest.
  8113 | Lair:2   | Noticed a six-headed hydra
  8114 | Lair:2   | 8114 ||| INVOKING Fiery Armour.
  8121 | Lair:2   | Killed an eight-headed hydra
  8122 | Lair:2   | Reached skill level 3 in Armour
  8132 | Lair:2   | Noticed a lindwurm
  8133 | Lair:2   | 8133 ||| Stepping ~*~*~tactically~*~*~ (stealth).
  8142 | Lair:2   | Killed a lindwurm
  8172 | Lair:2   | Noticed an oklob plant
  8174 | Lair:2   | 8174 ||| FLEEEEING.
  8174 | Lair:2   | Noticed a seven-headed hydra
  8175 | Lair:2   | 8175 ||| Stepping ~*~*~tactically~*~*~ (stealth).
  8176 | Lair:2   | 8176 ||| FLEEEEING.
  8176 | Lair:2   | Noticed a six-headed hydra
  8177 | Lair:2   | 8177 ||| FLEEEEING.
  8178 | Lair:2   | 8178 ||| FLEEEEING.
  8179 | Lair:2   | 8179 ||| FLEEEEING.
  8180 | Lair:2   | 8180 ||| FLEEEEING.
  8181 | Lair:2   | 8181 ||| FLEEEEING.
  8182 | Lair:2   | 8182 ||| FLEEEEING.
  8183 | Lair:2   | 8183 ||| STAIRDANCE
  8263 | Lair:2   | 8263 ||| INVOKING Fiery Armour.
  8264 | Lair:2   | 8264 ||| STAIRDANCE
  8268 | Lair:1   | Killed a nine-headed hydra
  8322 | Lair:2   | Killed an eight-headed hydra
  8323 | Lair:2   | Reached skill level 16 in Unarmed Combat
  8323 | Lair:2   | 8323 ||| STAIRDANCE
  8391 | Lair:2   | Noticed a six-headed hydra
  8392 | Lair:2   | 8392 ||| INVOKING Fiery Armour.
  8400 | Lair:2   | Killed an eight-headed hydra
  8447 | Lair:2   | Found a runed translucent gate.
  8447 | Lair:2   | Found a runed translucent gate.
  8447 | Lair:2   | Found a runed translucent gate.
  8447 | Lair:2   | Noticed qw's ghost (journeyman TeWr)
  8481 | Lair:2   | Found the +1 robe of Vines {NoPotionHeal Regen++++}
  8487 | Lair:2   | Killed an oklob plant
  8820 | Lair:2   | 8820 ||| Stepping ~*~*~tactically~*~*~ (stealth).
  8821 | Lair:2   | 8821 ||| Stepping ~*~*~tactically~*~*~ (stealth).
  9249 | Lair:2   | 9249 ||| UPGRADING to amulet of the acrobat.
  9254 | Lair:2   | 9254 ||| UPGRADING to ring of see invisible.
  9256 | Lair:2   | 9256 ||| READING scroll labelled ZIUKHICU VEOSM.
  9257 | Lair:2   | 9257 ||| READING scroll labelled HUF NOIGAEXTI.
  9274 | Lair:3   | 9274 ||| STAIRDANCE
  9308 | Lair:3   | 9308 ||| STAIRDANCE
  9382 | Lair:3   | 9382 ||| Stepping ~*~*~tactically~*~*~ (stealth).
  9394 | Lair:3   | 9394 ||| FLEEEEING.
  9395 | Lair:3   | 9395 ||| FLEEEEING.
  9396 | Lair:3   | 9396 ||| FLEEEEING.
  9397 | Lair:3   | 9397 ||| STAIRDANCE
  9488 | Lair:3   | 9488 ||| Stepping ~*~*~tactically~*~*~ (stealth).
  9492 | Lair:3   | 9492 ||| Stepping ~*~*~tactically~*~*~ (stealth).
  9496 | Lair:3   | 9496 ||| INVOKING Fiery Armour.
  9498 | Lair:3   | Reached XP level 12. HP: 96/118 MP: 12/12
  9632 | Lair:3   | Reached skill level 17 in Unarmed Combat
  9661 | Lair:3   | 9661 ||| FLEEEEING.
  9690 | Lair:3   | 9690 ||| INVOKING Fiery Armour.
  9761 | Lair:3   | 9761 ||| Stepping ~*~*~tactically~*~*~ (stealth).
  9764 | Lair:3   | 9764 ||| Stepping ~*~*~tactically~*~*~ (stealth).
  9765 | Lair:3   | Noticed a five-headed hydra
  9766 | Lair:3   | 9766 ||| Stepping ~*~*~tactically~*~*~ (stealth).
  9768 | Lair:3   | 9768 ||| Stepping ~*~*~tactically~*~*~ (outnumbered).
  9769 | Lair:3   | 9769 ||| Stepping ~*~*~tactically~*~*~ (outnumbered).
  9772 | Lair:3   | 9772 ||| Stepping ~*~*~tactically~*~*~ (outnumbered).
  9774 | Lair:3   | 9774 ||| Stepping ~*~*~tactically~*~*~ (outnumbered).
  9775 | Lair:3   | 9775 ||| Stepping ~*~*~tactically~*~*~ (outnumbered).
  9782 | Lair:3   | Killed a seven-headed hydra
  9785 | Lair:3   | 9785 ||| Stepping ~*~*~tactically~*~*~ (outnumbered).
  9786 | Lair:3   | 9786 ||| Stepping ~*~*~tactically~*~*~ (outnumbered).
  9840 | Lair:3   | 9840 ||| FLEEEEING.
  9842 | Lair:3   | 9842 ||| FLEEEEING.
  9845 | Lair:3   | 9845 ||| FLEEEEING.
  9950 | Lair:3   | 9950 ||| Stepping ~*~*~tactically~*~*~ (stealth).
  9990 | Lair:3   | 9990 ||| Stepping ~*~*~tactically~*~*~ (stealth).
  9997 | Lair:3   | 9997 ||| Stepping ~*~*~tactically~*~*~ (outnumbered).
 10037 | Lair:3   | Reached skill level 18 in Unarmed Combat
 10104 | Lair:3   | 10104 ||| PLANNING TEMPLE
 10104 | Lair:3   | 10104 ||| READING scroll labelled ZICRELAVIWN.
 10279 | Temple   | Entered the Ecumenical Temple
 10285 | Temple   | 10285 ||| PLANNING CONVERSION TO OKAWARU
 10292 | Temple   | Fell from the grace of Ignis
 10292 | Temple   | Became a worshipper of Warmaster Okawaru
 10293 | Temple   | 10293 ||| PLANNING LAIR
 10661 | Lair:3   | Found a staircase to the Shoals.
 10967 | Lair:4   | 10967 ||| PLANNING GAUNTLET
 11009 | Lair:4   | Found a gate leading to a gauntlet.
 11018 | Gauntlet | Entered a Gauntlet
 11018 | Gauntlet | Found a transporter.
 11018 | Gauntlet | Found a runed translucent door.
 11018 | Gauntlet | Found a runed translucent door.
 11025 | Gauntlet | Found a transporter.
 11028 | Gauntlet | Found a transporter.
 11042 | Gauntlet | Found a transporter.
 11046 | Gauntlet | Found a transporter.
 11048 | Gauntlet | Noticed a balrug
 11056 | Gauntlet | Found a transporter.
 11069 | Gauntlet | Found a transporter.
 11080 | Gauntlet | Found a transporter.
 11091 | Gauntlet | Found a transporter.
 11103 | Gauntlet | Found a transporter.
 11103 | Gauntlet | Found a transporter.
 11105 | Gauntlet | Found a transporter.
 11121 | Gauntlet | Found a transporter.
 11145 | Gauntlet | Found a transporter.
 11233 | Gauntlet | Identified the amulet "Pierch" {RegenMP rN+}
 11296 | Gauntlet | HP: 9/112 [balrug/+1 demon whip of draining (24)]
 11296 | Gauntlet | HP: 4/110 [hell hound (2)]
 11297 | Gauntlet | 11297 ||| DRINKING 5 potions of heal wounds.
 11297 | Gauntlet | Killed from afar by a balrug

Levels and vault maps discovered:
D:1:      dpeg_arrival_snail, layout_basic
D:2:      layout_rooms
D:3:      layout_basic, serial_shops, shop, nicolae_lakefront_shop, shop,
          shop_statue, nicolae_diamond_shop,
          hellmonk_ecumenical_altar_defaced_shrine, serial_curves,
          eino_curves_04, eino_curves_03, nicolae_concentric_dashed_squares_mild
D:4:      layout_basic, makhleb_altar_promises_db,
          mainiacjoe_overflow_surrounded_room, ebering_ghost_sewer_d,
          uniq_eustachio
D:5:      layout_basic, mainiacjoe_overflow_large_starburst,
          mainiacjoe_overflow_brackets, kennysheep_diamond
D:6:      layout_loops_ring, elyvilon_altar_4, nicolae_gozag_zags_fifth_avenue,
          minmay_temple_entry_gardened_gates, portal_sewer_entry_a,
          serial_shops, nicolae_shop_hallway_plus, nicolae_stop_n_shop_2,
          kennysheep_mini, nicolae_shop_trees, nicolae_shop_crystal,
          serial_bayou_pond_e, hangedman_feature_mirror
D:7:      layout_basic, nicolae_wu_jian_wuxing_cycle,
          lightli_bailey_entry_fortress
D:8:      layout_basic, mainiacjoe_overflow_catwalk, mainiacjoe_overflow_paths,
          lair_entry_dummy
Temple:   nicolae_temple_superstar
Lair:1:   layout_roguey, ebering_ghost_reflecting_pool, grunt_megastairs_5,
          infiniplex_staircase_pool, uniq_maggie
Lair:2:   layout_small_grid, spider_nest_entry_funnel_web,
          ebering_ghost_rock_garden, hellmonk_guarded_unrand_vines
Lair:3:   layout_regular_city, elwin_shoals_entry_rooms, beast_lair_carwin_2,
          serial_bayou_shore_a
Lair:4:   layout_cave_pods, gauntlet_entry_generic, grunt_megastairs_1,
          lemuel_fruit_fields, serial_bayou_shore_b, uniq_snorg
Gauntlet: minmay_gauntlet_77_tree [minmay_gauntlet_arena_77_cramped,
          minmay_gauntlet_arena_77_checkered, minmay_gauntlet_arena_77_p_blocks,
          minmay_gauntlet_arena_77_chump_sandwich,
          minmay_gauntlet_arena_77_terracotta_army,
          minmay_gauntlet_arena_77_mess, minmay_gauntlet_arena_77_box,
          gauntlet_exit_green]

Skill      XL: |  1  2  3  4  5  6  7  8  9 10 11 12 |
---------------+-------------------------------------+-----
Unarmed Combat | 4 5 6 8 9 11 13 15 16 18 | 18.0
Fighting       | 3 4 5 6 7 8 |  8.0
Throwing       | 1 2 3 |  3.1
Dodging        | 1 2 |  2.1
Armour         | 2 3 |  3.8
Spellcasting   | |  1.0
Fire Magic     | |  2.1

Action                   |  1- 3 |  4- 6 |  7- 9 | 10-12 || total
-------------------------+-------+-------+-------+-------++-------
Melee: Unarmed           |   112 |   112 |   331 |   301 ||   856
       Punch             |       |     3 |    13 |    22 ||    38
Throw: Boomerang         |       |    35 |    47 |    80 ||   162
Invok: Fiery Armour      |       |     2 |     3 |     7 ||    12
  Use: Scroll            |     6 |     3 |     9 |     4 ||    22
       Potion            |     4 |       |     1 |     1 ||     6
Armor: Robe              |    27 |    47 |   133 |    24 ||   231
       Swamp dragon scal |       |       |       |    91 ||    91
Dodge: Dodged            |    32 |    36 |   150 |   107 ||   325

Table legend:
 A = Non-vault XP
 B = Vault XP
 C = Vault XP percentage of total XP
 D = Non-vault monster count
 E = Vault monster count
 F = Vault count percentage of total count
                 A         B        C        D         E       F
            +---------+---------+-------+---------+---------+-------
      Total |   24944 |    6694 |  21.2 |     219 |      71 |  24.5
            +---------+---------+-------+---------+---------+-------
        D:1 |      42 |       0 |   0.0 |      23 |       0 |   0.0
        D:2 |      44 |       0 |   0.0 |      12 |       0 |   0.0
        D:3 |     115 |      12 |   9.4 |      15 |       4 |  21.1
        D:4 |     433 |     182 |  29.6 |      24 |       1 |   4.0
        D:5 |     256 |      36 |  12.3 |      12 |       1 |   7.7
        D:6 |     689 |     252 |  26.8 |      12 |      13 |  52.0
        D:7 |    1439 |      78 |   5.1 |      24 |      12 |  33.3
        D:8 |    1093 |       0 |   0.0 |      21 |       0 |   0.0
     Lair:1 |    8717 |     549 |   5.9 |      30 |       2 |   6.2
     Lair:2 |    4055 |    2476 |  37.9 |      14 |       4 |  22.2
     Lair:3 |    7650 |    1275 |  14.3 |      31 |       4 |  11.4
     Lair:4 |     411 |       0 |   0.0 |       1 |       0 |   0.0
      Sewer |       0 |      58 | 100.0 |       0 |      19 | 100.0
   Gauntlet |       0 |    1776 | 100.0 |       0 |      11 | 100.0
            +---------+---------+-------+---------+---------+-------
